 Dungeon Crawl Stone Soup version 0.20.0-10-g0535bb4 (webtiles) character file.

72 mopl the Shooter (level 4, -2/36 HPs)
             Began as a Centaur Hunter on June 3, 2017.
             Slain by an iron imp (5 damage)
             ... summoned by Natasha
             ... on level 2 of the Dungeon.
             The game lasted 00:02:11 (1641 turns).

mopl the Shooter (Centaur Hunter)                   Turns: 1641, Time: 00:02:12

Health: -2/36      AC:  6    Str: 14    XL:     4   Next: 7%
Magic:  4/4        EV:  9    Int: 10    God:
Gold:   94         SH:  0    Dex: 11    Spells: 3/3 levels left

rFire    . . .     SeeInvis .   a - +1 shortbow
rCold    . . .     Gourm    .   (shield currently unavailable)
rNeg     . . .     Faith    .   c - +0 leather armour
rPois    .         Spirit   .   p - +2 hat
rElec    .         Reflect  .   (no cloak)
rCorr    .         Harm     .   (no gloves)
MR       .....                  (no barding)
Stlth    +.........             (no amulet)
Regen    0.2/turn               (no ring)
MPRegen  0.1/turn               (no ring)

@: slowed
A: hooves 3, deformed body, speed 2, tough skin 3
a: no special abilities


You were on level 2 of the Dungeon.
You were not hungry.

You visited 1 branch of the dungeon, and saw 2 of its levels.

You collected 94 gold pieces.

Inventory:

Hand Weapons
 a - a +1 shortbow (weapon)
 b - a +0 trident
Missiles
 d - 55 arrows (quivered)
Armour
 c - a +0 leather armour (worn)
 l - a +0 helmet
 m - a +0 chain mail
 p - a +2 hat (worn)
Jewellery
 t - an uncursed ring of ice
Scrolls
 g - a scroll of recharging {unknown}
 o - a scroll of identify {unknown}
 q - a scroll of enchant armour {unknown}
 r - a scroll of immolation {unknown}
 s - a scroll of blinking {unknown}
 u - a scroll of remove curse {unknown}
Potions
 e - 2 potions of heal wounds {unknown}
 h - a potion of haste {unknown}
 i - 3 potions of brilliance {unknown}
 j - a potion of curing {unknown}
 k - 2 potions of mutation {unknown}
 n - 2 potions of berserk rage {unknown}
Comestibles
 f - 4 bread rations
 v - a chunk of flesh


   Skills:
 - Level 2.0 Fighting
 + Level 7.5 Bows
 - Level 1.3 Dodging
 - Level 0.4 Stealth


You had 3 spell levels left.
You didn't know any spells.

Dungeon Overview and Level Annotations

Branches:
Dungeon (2/15)

Altars:
Dithmenos
Trog

Annotations:
D:2 Natasha


Innate Abilities, Weirdness & Mutations

You have hooves in place of feet.
Armour fits poorly on your strangely shaped body.
You cover ground very quickly.
You have extremely tough skin. (AC +3)


Message History

Firing (i - inventory):
d - 57 arrows (quivered)
Press: ? - help, Shift-Dir - straight line, f/p - Natasha
Aim: Natasha (severely wounded)
You shoot an arrow.
The arrow hits Natasha but does no damage.
Natasha is severely wounded.
Natasha mumbles some strange words.
Natasha casts a spell at you. You resist with some effort.
The iron imp barely misses you.
Unknown command.
Firing (i - inventory):
d - 56 arrows (quivered)
Press: ? - help, Shift-Dir - straight line, f/p - Natasha
Aim: Natasha (severely wounded)
You shoot an arrow. The arrow barely misses Natasha.
The arrow hits the shadow imp.
The shadow imp is almost dead.
Natasha barely misses you.
The shadow imp hits you but does no damage.
The iron imp disappears for a moment.
The iron imp hits you.
You die...

#..........####....###....#..
#..........#.....#..###...#..
#......###...###.##..........
####.<..##.##..............#.
#############..........##.
8###8###8##..............
...(((......######.......
(.(..(.5.5.##..........#.
(..$.(5h@....).###..##.#.
8###8###8#.##.##.........
###.#..##.........
..#.###......... .....
#......... .##..# #.........
.. ##.. ##......... #.
#.#............
...#.##.........


You could see an iron imp, Natasha and 2 shadow imps.

Vanquished Creatures
  2 adders (D:2)
  3 worms (D:2)
  A dart slug (D:1)
  7 bats
  2 giant cockroaches (D:1)
  4 hobgoblins
  3 jackals (D:2)
  A quokka (D:2)
  A ball python (D:1)
  3 frilled lizards (D:2)
  5 goblins
  6 kobolds
  5 rats
43 creatures vanquished.

Notes
Turn   | Place    | Note
-------+----------+-------------------------------------------
     0 | D:1      | mopl the Centaur Hunter began the quest for the Orb.
     0 | D:1      | Reached XP level 1. HP: 17/17 MP: 1/1
   381 | D:1      | Reached XP level 2. HP: 23/24 MP: 2/2
   420 | D:1      | Reached skill level 6 in Bows
   917 | D:2      | Reached XP level 3. HP: 19/29 MP: 3/3
  1509 | D:2      | Reached skill level 7 in Bows
  1511 | D:2      | Found a shadowy altar of Dithmenos.
  1511 | D:2      | Found a bloodstained altar of Trog.
  1533 | D:2      | Reached XP level 4. HP: 32/36 MP: 4/4
  1624 | D:2      | Noticed Natasha
  1641 | D:2      | Slain by an iron imp

Skill      XL: |  1  2  3 |
---------------+----------+-----
Bows           | 6 7 |  7.5
Fighting       | |  2.0
Dodging        | |  1.3
Stealth        | |  0.4

Action                   |  1- 3 |  4- 6 || total
-------------------------+-------+-------++-------
Melee: Short sword       |    68 |       ||    68
       Kick              |    20 |       ||    20
       Trident           |    34 |       ||    34
 Fire: Shortbow          |    22 |    22 ||    44
  Eat: Chunk             |     1 |       ||     1
Armor: Leather armour    |    36 |     4 ||    40
Dodge: Dodged            |    69 |     8 ||    77
